 Dungeon Crawl Stone Soup version 0.23.1 (webtiles) character file.

Game seed: 8176128152995993691

74 Borgoz the Skirmisher (level 4, -1/38 HPs)
             Began as a Ghoul Monk on Mar 17, 2019.
             Slain by a gnoll
             ... wielding a +0 spear
              (2 damage)
             ... on level 2 of the Dungeon.
             The game lasted 00:01:56 (1373 turns).

Borgoz the Skirmisher (Ghoul Monk)                  Turns: 1373, Time: 00:01:57

Health: -1/38      AC:  6    Str: 14    XL:     4   Next: 28%
Magic:  12/12      EV: 10    Int:  6    God:
Gold:   83         SH:  0    Dex: 11    Spells: 3/3 levels left

rFire    . . .     SeeInvis .   a - +0 short sword
rCold    + . .     Gourm    .   (no shield)
rNeg     + + +     Faith    .   h - +0 scale mail
rPois    ∞         Spirit   .   (no helmet)
rElec    .         Reflect  .   (no cloak)
rCorr    .         Harm     .   (no gloves)
MR       .....                  (no boots)
Stlth    +.........             (no amulet)
HPRegen  0.00/turn              g - ring of magical power
MPRegen  0.13/turn              (no ring)

@: rotting
A: rotting body, claws 1, carnivore, cold resistance 1, negative energy
resistance 3, inhibited regeneration, torment resistance, unbreathing
a: no special abilities


You were on level 2 of the Dungeon.
You were not hungry.

You visited 1 branch of the dungeon, and saw 2 of its levels.

You collected 83 gold pieces.

Inventory:

Hand Weapons
 a - a +0 short sword (weapon)
Missiles
 m - 8 javelins (quivered)
Armour
 h - a +0 scale mail (worn)
Jewellery
 g - a ring of magical power (left claw)
 l - an uncursed amulet of faith {unknown}
Scrolls
 b - a scroll of fog {unknown}
 d - a scroll of immolation {unknown}
 e - a scroll of identify {unknown}
 i - a scroll of teleportation {unknown}
 j - a scroll of amnesia {unknown}
 k - a scroll of magic mapping {unknown}
Comestibles
 c - 5 rations


   Skills:
 + Level 3.5 Fighting
 * Level 3.2 Short Blades
 * Level 1.5 Armour
 * Level 3.2 Dodging
 + Level 2.7 Stealth


You had 3 spell levels left.
You didn't know any spells.
Your spell library was empty.

Dungeon Overview and Level Annotations

Branches:
Dungeon (2/15)

Altars:


Innate Abilities, Weirdness & Mutations

Your body is rotting away.
You thrive on raw meat.
You are immune to poison.
You have sharp fingernails.
You are carnivorous and can eat meat at any time.
Your flesh is cold resistant. (rC+)
You are immune to negative energy. (rN+++)
You do not regenerate when monsters are visible.
You are immune to unholy pain and torment.
You can survive without breathing.


Message History

The gnoll hits you but does no damage.
The gnoll hits you from afar with a +0 spear!
* * * LOW HITPOINT WARNING * * *
You hit the gnoll but do no damage.
The gnoll is almost dead.
The gnoll hits you.
* * * LOW HITPOINT WARNING * * *
The gnoll closely misses you.
Okay, then.
You aren't carrying any potions.
Okay, then.
You hit the gnoll.
You kill the gnoll!
The gnoll barely misses you. The gnoll misses you.
You see here a gnoll corpse.
You hit the gnoll.
The gnoll is moderately wounded.
The gnoll hits you with a +0 spear.
You die...

.....### #†####
### #.# #$. #.#
#.# #.#
#.#####.## ..#
##......... ###
##...####.#
##.###.###.#
##.## ##@g..#
##.## ##.###
###..# .#
####....# .#
###......#.# .#
.........##.# .#
.........# ...
.#
..(............
.#
.........##.....


You could see a gnoll.

Vanquished Creatures
  2 gnolls (D:2)
  2 adders (D:2)
  A worm (D:2)
  4 goblins (D:1)
  4 hobgoblins (D:1)
  2 jackals (D:1)
  3 kobolds (D:1)
  A quokka (D:2)
  7 bats
  3 frilled lizards
  4 rats
33 creatures vanquished.

Notes
Turn   | Place    | Note
-------+----------+-------------------------------------------
     0 | D:1      | Borgoz the Ghoul Monk began the quest for the Orb.
     0 | D:1      | Reached XP level 1. HP: 19/19 MP: 0/0
   145 | D:1      | Reached XP level 2. HP: 18/26 MP: 1/1
   335 | D:1      | Reached skill level 1 in Armour
   342 | D:1      | Reached XP level 3. HP: 29/31 MP: 2/2
  1363 | D:2      | Reached XP level 4. HP: 26/38 MP: 3/3
  1370 | D:2      | HP: 1/38 [gnoll (1)]
  1373 | D:2      | Slain by a gnoll

Skill      XL: |  1  2 |
---------------+-------+-----
Armour         | 1 |  1.5
Dodging        | 3 |  3.2
Short Blades   | 3 |  3.2
Fighting       | |  3.5
Stealth        | |  2.7

Action                   |  1- 3 |  4- 6 || total
-------------------------+-------+-------++-------
Melee: Short sword       |   153 |     9 ||   162
  Use: Potion            |     3 |       ||     3
  Eat: Chunk             |     8 |       ||     8
Armor: Robe              |     7 |       ||     7
       Scale mail        |    54 |     3 ||    57
Dodge: Dodged            |    91 |     8 ||    99
